 Dungeon Crawl Stone Soup version 0.22-a0-553-g9358b0b (webtiles) character file.

46 inc the Chiller (level 3, -1/26 HPs)
             Began as an Octopode Ice Elementalist on June 25, 2018.
             Slain by a worm (8 damage)
             ... on level 2 of the Dungeon.
             The game lasted 00:01:22 (1063 turns).

inc the Chiller (Octopode Ice Elementalist)         Turns: 1063, Time: 00:01:22

Health: -1/26      AC:  1    Str:  7    XL:     3   Next: 68%
Magic:  6/6        EV: 13    Int: 18    God:
Gold:   36         SH:  0    Dex: 12    Spells: 5/6 levels left

rFire    . . .     SeeInvis .   e - +1 dagger (speed)
rCold    . . .     Gourm    .   (no shield)
rNeg     . . .     Faith    .   (helmet restricted)
rPois    .         Spirit   .   (no amulet)
rElec    .         Reflect  .   (no ring)
rCorr    .         Harm     .   (no ring)
MR       .....                  (no ring)
Stlth    +++.......             (no ring)
HPRegen  0.08/turn              (no ring)
MPRegen  0.10/turn              (no ring)
                                (no ring)
                                (no ring)

@: no status effects
A: almost no armour, stealthy swim, amphibious, 8 rings, constrict 8, camouflage
1, gelatinous body 1
a: no special abilities


You were on level 2 of the Dungeon.
You were not hungry.

You visited 1 branch of the dungeon, and saw 2 of its levels.

You collected 36 gold pieces.

Inventory:

Hand Weapons
 a - a +0 spear
 e - a +1 dagger of speed (weapon)
Potions
 c - 2 potions of heal wounds {unknown}
 d - a potion of mutation {unknown}
Comestibles
 b - 5 rations
 f - a chunk of flesh


   Skills:
 - Level 3.0 Fighting
 + Level 0.8 Short Blades
 - Level 2.0 Dodging
 - Level 2.6 Stealth
 - Level 2.0 Spellcasting
   Level 1.0 Conjurations
 - Level 3.0 Ice Magic


You had 5 spell levels left.
You knew the following spells:

 Your Spells              Type           Power        Failure   Level  Hunger
a - Freeze                Ice            ##..         5%          1    #......

Your spell library contained the following spells:

 Spells                   Type           Power        Failure   Level  Hunger
 Throw Frost              Conj/Ice       #.....       12%         2    ###....
 Summon Ice Beast         Ice/Summ       #.......     67%         4    #####..
 Ozocubu's Armour         Chrm/Ice       #.......     28%         3    ###....
 Throw Icicle             Conj/Ice       #.......     61%         4    #####..


Dungeon Overview and Level Annotations

Branches:
Dungeon (2/15)

Altars:


Innate Abilities, Weirdness & Mutations

You cannot wear most types of armour.
You are very stealthy in the water. (Stealth+)
You are amphibious.
You can wear up to eight rings at the same time.
You can use your tentacles to constrict eight enemies at once.
Your skin changes colour to match your surroundings (Stealth+).
Your rubbery body absorbs attacks. (AC +1, EV +1)


Message History

You start resting.
You are feeling hungry.
A goblin comes into view. It is wielding a dagger.
Found 12 arrows.
You see here a goblin corpse.
You butcher the goblin corpse.
f - 2 chunks of flesh Eat one of 2 chunks of flesh? (ye/n/q)
You eat one of the 2 chunks of flesh.
This raw flesh tastes terrible.
You start resting.
A worm comes into view.
A worm is nearby!
You hit the worm but do no damage. You grab the worm. You constrict the worm.
The worm bites you!
* * * LOW HITPOINT WARNING * * *
You hit the worm.
The worm is lightly wounded.
You constrict the worm.
You release your grip on the worm.
The worm bites you!
You die...

. #### .# ..##.#
..... ####...#
##..##..# #......#
#..##.w# ##$(##@#
##..#)#####
..#.....# g##.....#
# .####....†.# .###
...........#####....
.###.#.....##.[....?
#.###..<.......# #.
####...##..#


You could see a worm.

Vanquished Creatures
  An ooze (D:1)
  A worm (D:2)
  2 dart slugs (D:1)
  2 leopard geckos (D:1)
  4 bats (D:1)
  A giant cockroach (D:1)
  3 hobgoblins
  3 jackals (D:1)
  8 kobolds (D:1)
  A frilled lizard (D:1)
  3 goblins
  3 rats
32 creatures vanquished.

Notes
Turn   | Place    | Note
-------+----------+-------------------------------------------
     0 | D:1      | inc the Octopode Ice Elementalist began the quest for the Orb.
     0 | D:1      | Reached XP level 1. HP: 11/11 MP: 3/3
    46 | D:1      | Reached skill level 1 in Fighting
    46 | D:1      | Reached XP level 2. HP: 6/18 MP: 5/5
   468 | D:1      | Reached XP level 3. HP: 21/25 MP: 6/6
  1063 | D:2      | Slain by a worm

Vault maps used:
D:1:      minmay_arrival_radiant_lines, st_stairs_11, minmay_hexomino_p4
D:2:      serial_glass, glass_columns_c, glass_columns_a,
          chequers_ecumenical_altar_lobes, minmay_close_crescents, uniq_terence

Skill      XL: |  1  2  3 |
---------------+----------+-----
Fighting       | 1 2 3 |  3.0
Short Blades   | |  0.8
Dodging        | |  2.0
Stealth        | |  2.6
Spellcasting   | |  2.0
Conjurations   | |  1.0
Ice Magic      | |  3.0

Action                   || total
-------------------------++-------
Melee: Spear             ||    61
       Tentacles         ||     7
       Constrict         ||    19
       Dagger            ||    31
 Stab: Sleeping          ||    12
  Eat: Chunk             ||     1
Armor: Skin              ||     1
Dodge: Dodged            ||    49

Table legend:
 A = Spawn XP
 B = Non-spawn XP
 C = Spawn XP percentage of total XP
 D = Spawn monster count
 E = Non-spawn monster count
 F = Spawn count percentage of total count
 G = Total turns spent on level
                    A         B        C        D         E        F      G
               +---------+---------+-------+---------+---------+-------+---------
         Total |       0 |      67 |   0.0 |       0 |      32 |   0.0 |  1063
               +---------+---------+-------+---------+---------+-------+---------
           D:1 |       0 |      55 |   0.0 |       0 |      27 |   0.0 |   963
           D:2 |       0 |      12 |   0.0 |       0 |       5 |   0.0 |   100
               +---------+---------+-------+---------+---------+-------+---------
